 Dungeon Crawl Stone Soup version 0.20-a0-901-g27f6fa8 (webtiles) character file.

1947 GlassEater the Basher (level 9, -2/56 HPs)
             Began as a Kobold Berserker on Mar 20, 2017.
             Was a Priest of Trog.
             Slain by w00t's ghost (4 damage)
             ... on level 7 of the Dungeon.
             The game lasted 00:15:41 (7926 turns).

GlassEater the Basher (Kobold Berserker)            Turns: 7926, Time: 00:15:42

Health: -2/56      AC:  7    Str: 14    XL:     9   Next: 41%
Magic:  9/9        EV: 21    Int:  8    God:    Trog [***...]
Gold:   226        SH:  0    Dex: 18    Spells: 8/8 levels left

rFire    . . .     SeeInvis +   a - +0 mace
rCold    . . .     Gourm    .   m - +0 ring mail
rNeg     . . .     Faith    .   (shield restricted)
rPois    .         Spirit   .   (no helmet)
rElec    .         Reflect  .   v - +0 cloak
rCorr    .         Harm     .   (no gloves)
MR       ++...                  (no boots)
Stlth    +.........             (no amulet)
Regen    1.2/turn               b - ring of see invisible
MPRegen  0.2/turn               o - +4 ring of evasion

@: exhausted, regenerating, slowed, very slow
A: carnivore 3
a: Berserk, Trog's Hand, Burn Spellbooks, Renounce Religion


You were on level 7 of the Dungeon.
You worshipped Trog.
Trog was most pleased with you.
You were hungry.

You visited 1 branch of the dungeon, and saw 7 of its levels.

You collected 226 gold pieces.

Inventory:

Hand Weapons
 a - a +0 mace (weapon)
Missiles
 i - 118 bolts
Armour
 m - a +0 ring mail (worn)
 q - a +0 chain mail
 v - a +0 cloak (worn)
 A - a +0 leather armour
 B - a +0 scale mail
Jewellery
 b - a ring of see invisible (right hand)
 o - a +4 ring of evasion (left hand)
 s - a +3 ring of intelligence
 y - an uncursed ring of resist corrosion
Scrolls
 e - 3 scrolls of remove curse
 k - a scroll of fear {unknown}
 l - a scroll of enchant weapon {unknown}
 p - 2 scrolls of random uselessness {unknown}
 r - 2 scrolls of amnesia {unknown}
 t - 2 scrolls of teleportation {unknown}
 z - a scroll of immolation {unknown}
 C - 2 scrolls of enchant armour {unknown}
Potions
 d - a potion of magic {unknown}
 f - 2 potions of resistance {unknown}
 g - 3 potions of curing
 j - 2 potions of agility {unknown}
 n - 2 potions of brilliance {unknown}
 u - 3 potions of mutation {unknown}
 w - a potion of might {unknown}
 D - a potion of degeneration {unknown}
 E - a potion of flight {unknown}
 F - 2 potions of heal wounds {unknown}
Books
 x - a book of Conjurations

   Spells                             Type                      Level
   a - Magic Dart                     Conjuration                  1
   b - Searing Ray                    Conjuration                  2
   c - Dazzling Spray                 Conjuration/Hexes            3
   d - Fulminant Prism                Conjuration/Hexes            4
   e - Force Lance                    Conjuration/Translocation    4
   f - Iskenderun's Mystic Blast      Conjuration                  4
   Trog disapproves of the use of such an item.
 G - a book of Conjurations

   Spells                             Type                      Level
   a - Magic Dart                     Conjuration                  1
   b - Searing Ray                    Conjuration                  2
   c - Dazzling Spray                 Conjuration/Hexes            3
   d - Fulminant Prism                Conjuration/Hexes            4
   e - Force Lance                    Conjuration/Translocation    4
   f - Iskenderun's Mystic Blast      Conjuration                  4
   Trog disapproves of the use of such an item.
Comestibles
 c - a meat ration
 h - a royal jelly


   Skills:
 + Level 6.3 Fighting
 + Level 8.1 Maces & Flails
 + Level 4.2 Armour
 + Level 5.9 Dodging


You had 8 spell levels left.
You didn't know any spells.

Dungeon Overview and Level Annotations

Branches:
Dungeon (7/15)             Temple (0/1) D:5

Altars:
Kikubaaqudgha
Qazlal
Vehumet
Wu Jian

Shops:
D:4 *%(*

Annotations:
D:5 exclusion: oklob sapling
D:7 w00t's ghost, novice FoMo


Innate Abilities, Weirdness & Mutations

You are small and have problems with some larger weapons.
You are carnivorous and can eat meat at any time.


Message History

You hit w00t's ghost but do no damage.
W00t's ghost is moderately damaged.
W00t's ghost misses you.
You sock w00t's ghost!
W00t's ghost is heavily damaged.
You are no longer berserk.
You are exhausted.
You feel yourself slow down. W00t's ghost barely misses you.
You hit w00t's ghost.
W00t's ghost is heavily damaged.
W00t's ghost hits you.
You closely miss w00t's ghost.
W00t's ghost is heavily damaged.
W00t's ghost closely misses you. W00t's ghost hits you!
* * * LOW HITPOINT WARNING * * *
x2 You hit w00t's ghost but do no damage.
W00t's ghost is heavily damaged.
W00t's ghost hits you!
* * * LOW HITPOINT WARNING * * *
You die...

### .# ..# .#
#.##.# .....#
#######.#..#
...........##
............#
#W# .#
####@#...##
#).<...>....
.............###
..##...###.#.#
#^.. .# # .....
.. ###... ..
#... ### #...


You could see w00t's ghost.

Vanquished Creatures
  The ghost of tarabluh the Quickloader, a novice HOHu of Okawaru (D:5)
  The ghost of tarabluh the Bolt Thrower, an amateur FoHu (D:6)
  A water moccasin (D:6)
  An ice beast (D:5)
  An ogre (D:5)
  A phantom (D:5)
  2 centaurs (D:5)
  A water moccasin skeleton (D:5)
  A howler monkey (D:3)
  2 vampire bats (D:2)
  3 crimson imps (D:5)
  A jelly (D:5)
  A bullfrog zombie (D:6)
  Crazy Yiuf (D:3)
  2 iguanas
  Natasha (twice) (D:4)
  2 worker ants (D:5)
  A hound skeleton (D:4)
  9 adders
  10 gnolls
  An adder zombie (D:6)
  An adder skeleton (D:6)
  3 worms
  A dart slug (D:2)
  5 leopard geckos
  8 orcs (D:4)
  10 bats
  2 bat skeletons (D:2)
  3 bat zombies (D:2)
  9 giant cockroaches
  5 goblins
  9 hobgoblins
  3 jackals (D:4)
  3 quokkas
  2 ball pythons
  8 frilled lizards
  A jackal zombie (D:5)
  10 kobolds
  A leopard gecko skeleton (D:6)
  A leopard gecko zombie (D:5)
  A quokka skeleton (D:5)
  8 rats
139 creatures vanquished.

Notes
Turn   | Place    | Note
-------+----------+-------------------------------------------
     0 | D:1      | GlassEater the Kobold Berserker began the quest for the Orb.
     0 | D:1      | Reached XP level 1. HP: 14/14 MP: 1/1
   383 | D:1      | Reached XP level 2. HP: 19/19 MP: 2/2
  1089 | D:1      | Reached skill level 3 in Maces & Flails
  1140 | D:2      | Reached XP level 3. HP: 24/24 MP: 3/3
  1210 | D:2      | Found an ornate altar of the Wu Jian Council.
  1212 | D:2      | Found a stormy altar of Qazlal.
  1576 | D:2      | Reached ** piety under Trog
  1740 | D:2      | Reached XP level 4. HP: 22/29 MP: 4/4
  1831 | D:2      | You fall through a shaft!
  2562 | D:2      | Found an ancient bone altar of Kikubaaqudgha.
  2572 | D:2      | Reached XP level 5. HP: 33/33 MP: 5/5
  2579 | D:2      | Reached skill level 4 in Maces & Flails
  3234 | D:3      | Reached XP level 6. HP: 27/39 MP: 6/6
  3637 | D:3      | Found a runed door.
  3831 | D:3      | Reached *** piety under Trog
  3981 | D:3      | Noticed Crazy Yiuf
  3988 | D:3      | Killed Crazy Yiuf
  4125 | D:4      | Found Nyulolof's Assorted Antiques.
  4134 | D:4      | Found Doiq's Food Emporium.
  4291 | D:4      | Found Tuev's Assorted Antiques.
  4346 | D:4      | Found Piplas's Weapon Shoppe.
  4566 | D:4      | Noticed Natasha
  4582 | D:4      | Killed Natasha
  4582 | D:4      | Reached skill level 5 in Maces & Flails
  4590 | D:4      | Reached XP level 7. HP: 35/44 MP: 7/7
  4906 | D:4      | Noticed Natasha
  4914 | D:4      | Killed Natasha
  5115 | D:5      | Entered Level 5 of the Dungeon
  5117 | D:5      | You fall through a shaft!
  5200 | D:5      | Reached skill level 5 in Fighting
  5473 | D:5      | Found a staircase to the Ecumenical Temple.
  5684 | D:5      | Noticed tarabluh's ghost (novice HOHu)
  5756 | D:5      | Killed tarabluh's ghost
  5756 | D:5      | Reached skill level 6 in Maces & Flails
  5756 | D:5      | Reached skill level 5 in Dodging
  5756 | D:5      | Reached XP level 8. HP: 34/50 MP: 8/8
  6332 | D:5      | Found a radiant altar of Vehumet.
  6385 | D:5      | Reached skill level 7 in Maces & Flails
  6676 | D:5      | Reached XP level 9. HP: 31/55 MP: 9/9
  7330 | D:6      | Noticed tarabluh's ghost (amateur FoHu)
  7346 | D:6      | Killed tarabluh's ghost
  7767 | D:6      | Reached skill level 8 in Maces & Flails
  7905 | D:7      | Noticed w00t's ghost (novice FoMo)
  7926 | D:7      | HP: 2/56 [w00t's ghost (14)]
  7926 | D:7      | Slain by w00t's ghost

Vault maps used:
D:1:      dpeg_arrival_radiant, minivault_5
D:2:      grunt_temple_overflow_open, kennysheep_vampire_church,
          minmay_misc_feat_nine_boxes, serial_park_tiny_1,
          minmay_misc_feat_diagonals
D:3:      serial_glass, glass_columns_b, glass_columns_a, first_bread,
          uniq_crazy_yiuf_cottage
D:4:      serial_shops, shop, nicolae_shop_crystal, shop, shop, uniq_natasha
D:5:      lemuel_doored_altar, minmay_temple_entry_oklob

Skill      XL: |  1  2  3  4  5  6  7  8  9 |
---------------+----------------------------+-----
Maces & Flails | 3 4 5 6 7 8 |  8.1
Dodging        | 3 4 5 |  5.9
Fighting       | 4 5 6 |  6.3
Armour         | 2 3 4 |  4.2

Action                   |  1- 3 |  4- 6 |  7- 9 || total
-------------------------+-------+-------+-------++-------
Melee: Mace              |    91 |   240 |   396 ||   727
Invok: Berserk           |     4 |     3 |    10 ||    17
       Trog's Hand       |       |       |     4 ||     4
  Use: Potion            |       |       |     1 ||     1
       Scroll            |       |       |     4 ||     4
 Stab: Sleeping          |     3 |       |       ||     3
  Eat: Chunk             |    14 |    12 |    13 ||    39
Armor: Animal skin       |    19 |       |       ||    19
       Ring mail         |       |    57 |    61 ||   118
Dodge: Dodged            |    83 |   281 |   352 ||   716
